 Dungeon Crawl Stone Soup version 0.30-a0-972-gf3ab3527aa (webtiles) character file.

Game seed: 17228182042611353653

1636 Dirtsage the Grappler (level 8, -5/60 HPs)
             Began as a Demonspawn Fighter on Mar 31, 2023.
             Was a Follower of Cheibriados.
             Slain by a boulder beetle (14 damage)
             ... on level 6 of the Dungeon.
             The game lasted 00:07:43 (4881 turns).

Dirtsage the Grappler (Demonspawn Fighter)          Turns: 4881, Time: 00:07:44

Health: -5/60      AC: 11    Str: 21    XL:     8   Next: 66%
Magic:  9/9        EV:  9    Int: 12    God:    Cheibriados [*.....]
Gold:   304        SH:  5    Dex: 14    Spells: 7/7 levels left

rFire   . . .      SeeInvis +      - Unarmed
rCold   . . .      Faith    .    c - +0 buckler
rNeg    . . .      Spirit   .    b - +0 scale mail
rPois   .          Reflect  .    r - +1 helmet {SInv}
rElec   .          Rampage  .    j - +0 cloak
rCorr   .                        (no gloves)
Will    .....                    (no boots) Stlth
                                 m - amulet of regeneration
HPRegen 1.10/turn                (no ring)
MPRegen 0.11/turn                (no ring)

@: very slow
A: claws 1, sharp scales 2, demonic magic 3
a: Renounce Religion, Bend Time


You were on level 6 of the Dungeon.
You worshipped Cheibriados.
Cheibriados was aware of your devotion.
You visited 2 branches of the dungeon, and saw 7 of its levels.

You collected 304 gold pieces.

Inventory:

Missiles
 y - a throwing net (quivered)
Armour
 b - a +0 scale mail (worn)
 c - a +0 buckler (worn)
 j - a +0 cloak (worn)
 r - a +1 helmet of see invisible (worn)
Magical Staves
 q - a staff of poison
Jewellery
 m - an amulet of regeneration (around neck)
Wands
 p - a wand of iceblast (23)
 t - a wand of mindburst (19)
 w - a wand of light (4)
 D - a wand of digging (3)
Scrolls
 a - 2 scrolls of teleportation {unknown}
 e - 5 scrolls of identify {unknown}
 f - a scroll of poison {unknown}
 k - a scroll of magic mapping {unknown}
 l - a scroll of enchant weapon {unknown}
 n - a scroll of blinking {unknown}
 o - a scroll of amnesia {unknown}
 u - a scroll of immolation {unknown}
Potions
 d - 2 potions of might
 g - 2 potions of brilliance {unknown}
 h - 3 potions of mutation {unknown}
 i - a potion of experience {unknown}
 s - a potion of cancellation {unknown}
 v - 3 potions of curing {unknown}
 x - 2 potions of attraction {unknown}
 z - a potion of haste {unknown}


   Skills:
 + Level 3.7 Fighting
 - Level 2.5 Axes
 - Level 2.6 Armour
 + Level 3.3 Shields
 * Level 9.2 Unarmed Combat
 + Level 2.6 Invocations


You had 7 spell levels left.
You didn't know any spells.
Your spell library contained the following spells:

 Spells                   Type           Power      Damage    Failure   Level
 Sandblast                Erth           0%         2d4       77%         1
 Blink                    Tloc           0%         N/A       88%         2
 Ensorcelled Hibernation  Hex/Ice        0%         N/A       88%         2
 Lesser Beckoning         Tloc           0%         N/A       88%         2
 Momentum Strike          Conj/Tloc      0%         3d8       88%         2
 Passwall                 Tmut/Erth      0%         N/A       88%         2
 Spider Form              Tmut/Pois      0%         N/A       98%         3
 Stone Arrow              Conj/Erth      0%         3d7       98%         3
 Anguish                  Hex/Necr       0%         N/A       100%        4


Dungeon Overview and Level Annotations

Branches:
Dungeon (6/15)             Temple (1/1) D:5

Altars:
Ashenzari
Cheibriados
Dithmenos
Fedhas
Hepliaklqana
Makhleb
Okawaru
Sif Muna
Trog
Xom
Yredelemnul

Shops:
D:3 (   D:5 *


Innate Abilities, Weirdness & Mutations

You have sharp fingernails.
You are mostly covered in razor-sharp scales. (AC +2, Slay +2)
Spells you cast and wands you use may paralyse nearby enemies.


Message History

The boulder beetle leaps!
Things that are here:
a +0 troll leather armour; a troll corpse You regained 2 hp, and now have 13/60 hp.
A skeletal warrior and a gargoyle come into view.
You see here a +0 spear.
You regained 2 hp, and now have 16/60 hp.
The boulder beetle curls into a ball and begins rolling!
You regained 2 hp, and now have 19/60 hp.
The boulder beetle stops rolling and uncurls.
You regained 2 hp, and now have 22/60 hp.
You regained 2 hp, and now have 25/60 hp.
The gargoyle hurls a stone arrow at you.
The stone arrow hits you!
* * * LOW HITPOINT WARNING * * *
You take 12 damage, and have 13/60 hp.
The gargoyle closely misses you.
You regained 2 hp, and now have 16/60 hp.
You scratch the gargoyle but do no damage.
The gargoyle hits you but does no damage.
You barely miss the gargoyle. The gargoyle hits you with a +0 mace.
* * * LOW HITPOINT WARNING * * *
You take 4 damage, and have 13/60 hp.
You closely miss the gargoyle.
The boulder beetle curls into a ball and begins rolling!
The gargoyle hits you but does no damage.
You scratch the gargoyle.
The gargoyle is moderately damaged.
The boulder beetle stops rolling and uncurls.
You block the gargoyle's attack.
You scratch the gargoyle but do no damage.
The gargoyle is moderately damaged.
You scratch the boulder beetle but do no damage.
You scratch the boulder beetle but do no damage.
The boulder beetle bites you!
* * * LOW HITPOINT WARNING * * *
You take 9 damage, and have 8/60 hp.
You scratch the boulder beetle but do no damage.
The boulder beetle bites you!
You die...

....#.....#.... #...
....##...##.... #...
....###.###.... #...
.###.##.##.###. #...
..###.#.#.###.. ##..
#..####.####..########..
##....z8................
#..####.####.....°....^.
..###.#@#.###...........
.###.##B##.###..........
....###9###.?[.#########
....##...##.).##
.#..#.....#..##
##.....#...##
.....[###### #######


You could see a boulder beetle, a skeletal warrior and a gargoyle.

Vanquished Creatures
  A troll (D:6)
  Grinder (D:4)
  Sigmund (D:5)
  Eustachio (D:5)
  2 ogres
  A gnoll sergeant (D:5)
  2 scorpions
  A howler monkey (D:6)
  Crazy Yiuf (D:2)
  3 hounds
  2 sleepcaps
  Ijyb (D:4)
  5 iguanas
  An orc wizard (D:5)
  7 gnolls
  6 adders
  An ufetubus (D:6)
  A worm (D:2)
  3 dart slugs
  5 orcs
  6 ball pythons
  7 endoplasms
  3 giant cockroaches (D:2)
  9 hobgoblins
  3 quokkas
  6 frilled lizards
  5 goblins
  8 kobolds
  5 rats
98 creatures vanquished.

Notes
Turn   | Place    | Note
-------+----------+-------------------------------------------
     0 | D:1      | Dirtsage the Demonspawn Fighter began the quest for the
                  | Orb.
     0 | D:1      | Reached XP level 1. HP: 18/18 MP: 1/1
   203 | D:1      | Gained mutation: You have sharp fingernails. [demonic
                  | ancestry]
   203 | D:1      | Reached XP level 2. HP: 24/24 MP: 2/2
   679 | D:1      | Reached skill level 1 in Unarmed Combat
   742 | D:1      | Found a faded altar of an unknown god.
   979 | D:2      | Reached skill level 2 in Unarmed Combat
   979 | D:2      | Gained mutation: You are partially covered in razor-sharp
                  | scales. (AC +1, Slay +1) [demonic ancestry]
   979 | D:2      | Reached XP level 3. HP: 13/29 MP: 3/3
  1255 | D:2      | Gained mutation: You are mostly covered in razor-sharp
                  | scales. (AC +2, Slay +2) [demonic ancestry]
  1255 | D:2      | Reached XP level 4. HP: 35/35 MP: 4/4
  1402 | D:2      | Found a runed translucent door.
  1403 | D:2      | Noticed Crazy Yiuf
  1663 | D:2      | Reached skill level 3 in Unarmed Combat
  1946 | D:2      | Killed Crazy Yiuf
  2490 | D:3      | Found Doecsetz's Weapon Shop.
  2605 | D:3      | Noticed a scorpion
  2614 | D:3      | Killed a scorpion
  2615 | D:3      | Reached skill level 4 in Unarmed Combat
  2615 | D:3      | Gained mutation: Spells you cast may paralyse adjacent
                  | enemies. [demonic ancestry]
  2615 | D:3      | Reached XP level 5. HP: 36/41 MP: 5/5
  2986 | D:4      | Noticed Ijyb
  2990 | D:4      | Reached skill level 5 in Unarmed Combat
  2990 | D:4      | Gained mutation: Spells you cast may paralyse nearby
                  | enemies. [demonic ancestry]
  2990 | D:4      | Reached XP level 6. HP: 46/47 MP: 6/6
  3000 | D:4      | Killed Ijyb
  3360 | D:4      | Noticed Grinder
  3365 | D:4      | Killed Grinder
  3366 | D:4      | Reached skill level 6 in Unarmed Combat
  3366 | D:4      | Reached XP level 7. HP: 52/52 MP: 7/7
  3531 | D:5      | Entered Level 5 of the Dungeon
  3531 | D:5      | Found Kiascha's General Store.
  3633 | D:5      | Found a staircase to the Ecumenical Temple.
  3642 | D:5      | Reached skill level 7 in Unarmed Combat
  3647 | D:5      | Noticed Sigmund
  3659 | D:5      | Killed Sigmund
  3678 | Temple   | Entered the Ecumenical Temple
  3742 | Temple   | Became a worshipper of Cheibriados the Contemplative
  3810 | D:5      | Noticed Eustachio
  3871 | D:5      | Killed Eustachio
  3872 | D:5      | Reached skill level 8 in Unarmed Combat
  3890 | D:5      | Gained mutation: Spells you cast and wands you use may
                  | paralyse nearby enemies. [demonic ancestry]
  3890 | D:5      | Reached XP level 8. HP: 41/58 MP: 8/8
  4293 | D:5      | Found a shimmering altar of Xom.
  4304 | D:5      | Found a blossoming altar of Fedhas.
  4311 | D:5      | Found a bloodstained altar of Trog.
  4317 | D:5      | Found a broken altar of Ashenzari.
  4324 | D:5      | Found an iron altar of Okawaru.
  4329 | D:5      | Found a basalt altar of Yredelemnul.
  4624 | D:6      | Reached skill level 1 in Invocations
  4751 | D:6      | Reached * piety under Cheibriados
  4752 | D:6      | Reached skill level 9 in Unarmed Combat
  4850 | D:6      | Noticed a boulder beetle
  4850 | D:6      | Noticed a troll
  4860 | D:6      | Killed a troll
  4863 | D:6      | Noticed a skeletal warrior
  4863 | D:6      | Noticed a gargoyle
  4881 | D:6      | Slain by a boulder beetle

Illustrated notes

Levels and vault maps discovered:
D:1:      matt_arrival_diagonals, layout_loops_ring,
          shapermc_ecumenical_altar_mp_highgroup, serial_bayou_ford_a,
          nrook_mini_vaults
D:2:      layout_basic, uniq_crazy_yiuf_cottage
D:3:      layout_basic, serial_shops, shop
D:4:      layout_basic, uniq_grinder, uniq_ijyb
D:5:      layout_basic, grunt_temple_overflow_octagram,
          minmay_temple_entry_glass, serial_shops, nicolae_shop_hallway_stairs,
          uniq_sigmund, uniq_eustachio
D:6:      nicolae_cairo_tiling_very_big, layout_gridville,
          minmay_strange_pillars, kb_rosetta
Temple:   dpeg_chambers_temple

Skill      XL: |  1  2  3  4  5  6  7  8 |
---------------+-------------------------+-----
Axes           | 2 |  2.5
Unarmed Combat | 2 4 5 6 8 9 |  9.2
Invocations    | 2 |  2.6
Shields        | 3 |  3.3
Fighting       | |  3.7
Armour         | |  2.6

Action                     |  1- 3 |  4- 6 |  7- 9 || total
---------------------------+-------+-------+-------++-------
  Melee: War axe           |    54 |       |       ||    54
         Unarmed           |    46 |   128 |   151 ||   325
 Armour: Scale mail        |    39 |    37 |    79 ||   155
  Dodge: Dodged            |    44 |    30 |    85 ||   159
  Block: Buckler           |    21 |    21 |    43 ||    85

Table legend: (Time is in decaauts)
 A = Elapsed time spent in this place.
 B = Non-inter-level travel time spent in this place.
 C = Inter-level travel time spent in this place.
 D = Time resting spent in this place.
 E = Time spent auto-exploring this place.
 F = Levels seen in this place.
 G = Mean time per level.
                   A        B        C        D        E       F      G
               +--------+--------+--------+--------+--------+-----+--------+
         Total |   5179 |   5006 |    173 |    124 |   4119 |   7 |  739.9 |
       Dungeon |   5088 |   4940 |    148 |    124 |   4070 |   6 |  848.0 |
        Temple |     91 |     66 |     25 |      0 |     49 |   1 |   91.0 |
               +--------+--------+--------+--------+--------+-----+--------+

Top non-repeatable levels by time:
     D:2: 1183 daAuts
     D:5: 983 daAuts
     D:1: 954 daAuts
     D:3: 776 daAuts
     D:4: 653 daAuts
     D:6: 537 daAuts
  Temple: 91 daAuts
